 Dungeon Crawl Stone Soup version 0.21.1-1-g345015fe64 (webtiles) character file.

64 Gargoyl the Skirmisher (level 3, 0/31 HPs)
             Began as a Centaur Abyssal Knight on Feb 7, 2018.
             Was a Follower of Lugonu.
             Slain by an adder (3 damage)
             ... on level 2 of the Dungeon.
             The game lasted 00:02:41 (1801 turns).

Gargoyl the Skirmisher (Centaur Abyssal Knight)     Turns: 1801, Time: 00:02:41

Health: 0/31       AC:  9    Str: 12 (14) XL:     3   Next: 91%
Magic:  5/5        EV:  1    Int:  9 (11) God:    Lugonu [*.....]
Gold:   119        SH:  0    Dex:  8 (9)  Spells: 2/2 levels left

rFire    . . .     SeeInvis .   a - +2 hand axe
rCold    . . .     Gourm    .   (no shield)
rNeg     . . .     Faith    .   e - +1 plate armour
rPois    .         Spirit   .   (no helmet)
rElec    .         Reflect  .   (no cloak)
rCorr    .         Harm     .   (no gloves)
MR       .....                  (no barding)
Stlth    ..........             (no amulet)
HPRegen  0.10/turn              (no ring)
MPRegen  0.09/turn              (no ring)

@: lethally poisoned (0 -> -10), very quick
A: large, hooves 3, deformed body, speed 2, tough skin 3
a: Depart the Abyss, Renounce Religion


You were on level 2 of the Dungeon.
You worshipped Lugonu.
Lugonu was aware of your devotion.
You were not hungry.

You visited 1 branch of the dungeon, and saw 2 of its levels.
You visited the Abyss 1 time.

You collected 119 gold pieces.

Inventory:

Hand Weapons
 a - a +2 hand axe (weapon)
Missiles
 h - 5 tomahawks (quivered)
Armour
 e - a +1 plate armour (worn)
Scrolls
 b - a scroll of identify
 d - a scroll of teleportation
 g - a scroll of remove curse
 k - 2 scrolls of enchant weapon
Comestibles
 c - 16 rations
 i - a chunk of flesh


   Skills:
 + Level 3.3 Fighting
 + Level 2.1 Axes
 + Level 1.0 Throwing
 * Level 2.1 Armour
 + Level 0.8 Dodging
 * Level 2.8 Invocations


You had 2 spell levels left.
You didn't know any spells.

Dungeon Overview and Level Annotations

Branches:
Dungeon (2/15)

Altars:
Vehumet


Innate Abilities, Weirdness & Mutations

You have hooves in place of feet.
Armour fits poorly on your strangely shaped body.
You cover ground very quickly.
You have extremely tough skin. (AC +3)


Message History

The adder is severely wounded.
* * * LOW HITPOINT WARNING * * *
You feel sick. The adder bites you but does no damage.
You closely miss the adder. Your kick misses the adder.
The adder is severely wounded.
* * * LOW HITPOINT WARNING * * *
You feel sick. The adder bites you.
* * * LOW HITPOINT WARNING * * *
You are more poisoned.
The adder poisons you! The adder bites you but does no damage.
It was a potion of degeneration.
There was something very wrong with that liquid.
You feel weakened.
You feel dopey.
You feel clumsy.
* * * LOW HITPOINT WARNING * * *
You feel sick. The adder bites you but does no damage.
Your plate armour prevents you from hitting the adder.
The adder is severely wounded.
* * * LOW HITPOINT WARNING * * *
You feel sick. The adder bites you but does no damage. The adder bites you.
You die...

......########.......##
#+#.....†......)..##
#.#.#######.......## #
#....<..# #.......##
#.#.#.#.#.# ###...####
#.#.#.....# #..((...
#.....#.### ##+#.###
#....S#.# #.... #....@+
# #.... #.....# #....
........# #....
######### #.... #)...
##... #... #### #


You could see an adder.

Vanquished Creatures
  An adder (D:2)
  An ooze (D:1)
  4 worms (D:2)
  A dart slug (D:2)
  A bat (D:2)
  2 giant cockroaches (D:1)
  3 goblins
  6 hobgoblins (D:1)
  3 jackals (D:1)
  A frilled lizard (D:1)
  11 kobolds
  4 rats
38 creatures vanquished.

Notes
Turn   | Place    | Note
-------+----------+-------------------------------------------
     0 | Abyss:1  | Gargoyl the Centaur Abyssal Knight began the quest for the Orb.
     0 | Abyss:1  | Reached XP level 1. HP: 19/19 MP: 2/2
    67 | Abyss:1  | Noticed a raiju
    69 | Abyss:1  | Noticed a tentacled starspawn
    69 | D:1      | Escaped the Abyss
   334 | D:1      | Reached XP level 2. HP: 23/26 MP: 3/3
   413 | D:1      | Reached * piety under Lugonu
  1005 | D:1      | Reached XP level 3. HP: 31/31 MP: 5/5
  1637 | D:2      | Found a radiant altar of Vehumet.
  1774 | D:2      | Reached skill level 1 in Throwing
  1801 | D:2      | Slain by an adder

Skill      XL: |  1  2  3 |
---------------+----------+-----
Axes           | 2 |  2.1
Armour         | 2 |  2.1
Throwing       | 1 |  1.0
Fighting       | |  3.3
Dodging        | |  0.8
Invocations    | |  2.8

Action                   || total
-------------------------++-------
Melee: Hand axe          ||   149
       Kick              ||    32
Throw: Tomahawk          ||     6
Invok: Depart the Abyss  ||     1
  Use: Scroll            ||     6
       Potion            ||     1
  Eat: Chunk             ||     2
Armor: Chain mail        ||     5
       Plate armour      ||   136
Dodge: Dodged            ||    15
